 Dungeon Crawl Stone Soup version 0.30.0-17-ge0270778cf (webtiles) character file.

Game seed: 16540801909607501727

53 Sabo the Shield-Bearer (level 3, -8/36 HPs)
             Began as a Troll Fighter on May 22, 2023.
             Killed from afar by Natasha (15 damage)
             ... with a bolt of dispelling energy
             ... on level 2 of the Dungeon.
             The game lasted 00:06:13 (1205 turns).

Sabo the Shield-Bearer (Troll Fighter)              Turns: 1205, Time: 00:06:14

Health: -8/36      AC:  4    Str: 24    XL:     3   Next: 62%
Magic:  2/2        EV:  9    Int:  4    God:
Gold:   84         SH:  8    Dex: 11    Spells: 2/2 levels left

rFire   + . .        a - +0 flail
rCold   . . .        c - +0 kite shield
rNeg    . . .        b - +0 robe
rPois   +            (helmet restricted)
rElec   .            (no cloak)
rCorr   .            (gloves unavailable)
SInv    .            (boots unavailable)
Will    .....        (no amulet)
Stlth   +            e - ring of poison resistance
HPRegen 1.06/turn    g - ring of protection from fire
MPRegen 0.08/turn

%: no passive effects
@: no status effects
A: large, unfitting armour, claws 3, regeneration 1, shaggy fur 1, tough skin 1
a: no special abilities


You were on level 2 of the Dungeon.
You visited 1 branch of the dungeon, and saw 2 of its levels.

You collected 84 gold pieces.

Inventory:

Hand Weapons
 a - a +0 flail (weapon)
Armour
 b - a +0 robe (worn)
 c - a +0 kite shield (worn)
Jewellery
 e - a ring of poison resistance (left claw)
 g - a ring of protection from fire (right claw)
Scrolls
 i - a scroll of blinking {unknown}
 j - a scroll of enchant weapon
 l - a scroll of fear {unknown}
Potions
 d - a potion of might
 f - a potion of flight {unknown}
 h - a potion of lignification {unknown}
 k - a potion of attraction {unknown}


   Skills:
 + Level 2.8 Fighting
 + Level 2.3 Maces & Flails
 + Level 2.8 Dodging
 + Level 3.2 Shields


You had 2 spell levels left.
You didn't know any spells.
Your spell library contained the following spells:

 Spells                   Type           Power      Damage    Failure   Level
 Ensorcelled Hibernation  Hex/Ice        0%         N/A       88%         2
 Call Canine Familiar     Summ           0%         N/A       98%         3
 Portal Projectile        Hex/Tloc       0%         N/A       98%         3
 Leda's Liquefaction      Hex/Erth       0%         N/A       100%        4
 Sticky Flame             Conj/Fire      0%         2d3       100%        4
 Fireball                 Conj/Fire      0%         3d3       100%        5
 Plasma Beam              Fire/Air       0%         2x1d11    100%        6


Dungeon Overview and Level Annotations

Branches:
Dungeon (2/15)

Altars:

Annotations:
D:2 Natasha


Innate Abilities, Weirdness & Mutations

You are too large for most types of armour.
You have claws for hands.
Your natural rate of healing is unusually fast.
You are covered in fur. (AC +1)
You have tough skin. (AC +1)


Message History

Natasha yowls pathetically as she dies!
You start resting.
HP restored.
Found 8 gold pieces.
You now have 84 gold pieces (gained 8).
Found a hand axe.
Found 10 gold pieces.
Natasha, Servant of Life and Death comes into view.
She is carrying a wand of quicksilver (8).
Found a scroll labelled HEMOEMOLOZIEB.
Natasha hisses angrily.
Natasha zaps a wand.
The bolt of dispelling energy hits you!
A ball python comes into view.
The ball python hisses angrily.
Natasha zaps a wand.
The bolt of dispelling energy hits you!
Natasha zaps a wand.
The bolt of dispelling energy hits you!
* * * LOW HITPOINT WARNING * * *
The ball python closely misses you.
Natasha mumbles some strange words.
Natasha misses you. You block the ball python's attack.
You block the cerulean imp's attack.
You sock Natasha!
Natasha is severely wounded.
Natasha barely misses you.
The ball python bites you but does no damage.
You block the cerulean imp's attack.
Natasha stares at you and mumbles some strange words.
The magic dart hits you.
* * * LOW HITPOINT WARNING * * *
You barely miss Natasha.
Natasha is severely wounded.
You block the ball python's attack. You block the cerulean imp's attack.
The ball python closely misses you.
Natasha extends her claws.
Natasha completely misses you.
You barely miss Natasha.
Natasha is severely wounded.
You block the cerulean imp's attack.
The ball python bites you but does no damage.
Natasha zaps a wand.
The bolt of dispelling energy hits you!
You die...

#.# #.# #.# #.# #.###
###.####### #### #.#..
#.........$ ..>## #.#.##
#)#.#######
##.)###.#.##.#+#.......#
.....##.#.##...5.......#
##...##.#.##....S......#
#...##.#.##....@h..?..#
#.#....................
#.#.##.#.##...........#
#.#.##.#.##...........#
#.#.##.#.##...........#
#....#.#.##...........#
####..#.#.##...........#
....<........#+#######.#
#########.####.#


You could see Natasha, a cerulean imp (summoned) and a ball python.

Vanquished Creatures
  Natasha (D:2)
  3 endoplasms (D:1)
  2 goblins (D:1)
  3 hobgoblins (D:1)
  5 jackals (D:1)
  A kobold (D:1)
  3 quokkas (D:1)
  2 ball pythons (D:1)
  2 bats
  A rat (D:1)
23 creatures vanquished.

Notes
Turn   | Place    | Note
-------+----------+-------------------------------------------
     0 | D:1      | Sabo the Troll Fighter began the quest for the Orb.
     0 | D:1      | Reached XP level 1. HP: 22/22 MP: 0/0
   254 | D:1      | Reached XP level 2. HP: 29/29 MP: 1/1
   331 | D:1      | Reached skill level 3 in Shields
  1010 | D:2      | Reached XP level 3. HP: 36/36 MP: 2/2
  1101 | D:2      | Got Kizedalu's Disquisition on the Conflagrant Tundra
  1137 | D:2      | Noticed Natasha
  1146 | D:2      | Killed Natasha
  1196 | D:2      | Noticed Natasha
  1205 | D:2      | Killed from afar by Natasha

Illustrated notes

Levels and vault maps discovered:
D:1:      tarquinn_simple_flora_water_b, layout_loops_ring, serial_forest,
          infiniplex_forest_lined_4_way, infiniplex_forest_lined_3_way,
          infiniplex_forest_end_1, infiniplex_forest_lined_room_,
          infiniplex_forest_clump_small
D:2:      layout_basic, uniq_natasha

Skill      XL: |  1  2 |
---------------+-------+-----
Shields        | 3 |  3.2
Maces & Flails | 2 |  2.3
Fighting       | |  2.8
Dodging        | |  2.8

Action                     || total
---------------------------++-------
  Melee: Flail             ||    96
    Use: Scroll            ||     2
 Armour: Robe              ||    46
  Dodge: Dodged            ||    41
  Block: Kite shield       ||    44
